 Dungeon Crawl Stone Soup version 0.25-a0-697-g890751e (webtiles) character file.

Game seed: 13689137364450761692, levelgen mode: deterministic

47 Charmandara the Skirmisher (level 3, 0/33 HPs)
             Began as a Draconian Wanderer on Apr 1, 2020.
             Slain by a gnoll
             ... wielding a +0 spear
              (4 damage)
             ... on level 2 of the Dungeon.
             The game lasted 00:02:26 (1367 turns).

Charmandara the Skirmisher (Draconian Wanderer)     Turns: 1367, Time: 00:02:27

Health: 0/33       AC:  5    Str: 10    XL:     3   Next: 48%
Magic:  3/3        EV: 12    Int: 15    God:
Gold:   57         SH:  0    Dex: 10    Spells: 1/2 levels left

rFire    . . .     SeeInvis .   a - +2 dagger
rCold    . . .     Gourm    .   (no shield)
rNeg     . . .     Faith    .   (armour unavailable)
rPois    .         Spirit   .   (helmet restricted)
rElec    .         Reflect  .   (no cloak)
rCorr    .         Harm     .   (no gloves)
MR       .....     Rnd*Rage +   (no boots)
Stlth    +.........             (no amulet)
HPRegen  0.11/turn              (no ring)
MPRegen  0.08/turn              (no ring)

@: flying
A: unfitting armour, stinger 1, berserk 1, weak 1, wild magic 1, cold-blooded,
AC +5
a: no special abilities


You were on level 2 of the Dungeon.
You were not hungry.

You visited 1 branch of the dungeon, and saw 2 of its levels.

You collected 57 gold pieces.

Inventory:

Hand Weapons
 a - a +2 dagger (weapon)
Missiles
 e - 3 javelins (quivered)
 i - a throwing net {=f, !d}
 j - 104 stones
 n - 27 bolts
 q - 16 arrows
Jewellery
 h - an uncursed ring of see invisible {sInv, !d}
   (You took it off a kobold on level 1 of the Dungeon)
 k - an uncursed amulet of faith {Faith, !P}
   (You took it off a kobold on level 1 of the Dungeon)
Scrolls
 f - a scroll of fog {unknown}
 g - 2 scrolls of identify {unknown}
 p - 2 scrolls of amnesia {unknown}
Potions
 b - 2 potions of haste
 o - a potion of flight
Comestibles
 d - 3 rations


   Skills:
 - Level 4.0 Fighting
   Level 1.7 Crossbows
 + Level 2.2 Dodging
 - Level 1.0 Stealth
   Level 1.0 Shields
   Level 1.7 Hexes
   Level 1.0 Charms


You had one spell level left.
You knew the following spells:

 Your Spells              Type           Power        Failure   Level  Hunger
a - Freeze                Ice            #...         34%         1    ##.....

Your spell library contained the following spells:

 Spells                   Type           Power        Failure   Level  Hunger
 Ozocubu's Armour         Chrm/Ice       #.......     63%         3    ####...


Dungeon Overview and Level Annotations

Branches:
Dungeon (2/15)

Altars:


Innate Abilities, Weirdness & Mutations

Your plain brown scales are hard. (AC +5)
You cannot fit into any form of body armour.
You are cold-blooded and may be slowed by cold attacks.
Your tail ends in a poisonous barb.
You tend to lose your temper in combat.
You are weak. (Str -2)
Your spells are a little harder to cast, but a little more powerful.


Message History

The bat hits you but does no damage. The bat misses you.
Things that are here:
3 stones; a kobold corpse You hit the bat.
You kill the bat!
Things that are here:
a +0 club; a bat corpse; a hobgoblin corpse Unknown command.
You butcher the bat corpse.
m - 2 chunks of flesh {@w0} (gained 1)
Things that are here:
a +0 club; a bat skeleton; a hobgoblin corpse
j - 76 stones (gained 3)
You see here a kobold corpse.
The kobold corpse isn't edible.
Things that are here:
a +0 club; a hobgoblin corpse
Things that are here:
a +0 club; a bat skeleton; a hobgoblin corpse
o - 2 smoky golden potions
p - a scroll labeled ZOOHADD ECIM
Found an escape hatch in the floor.
p - 2 scrolls labeled ZOOHADD ECIM (gained 1)
There is an escape hatch in the floor here.
q - 16 arrows
j - 77 stones (gained 1)
j - 78 stones (gained 1)
j - 79 stones (gained 1)
j - 104 stones (gained 25) Some of the chunks of flesh in your inventory have rotted away.
Eating a chunk of flesh {@w0}.
You eat the chunk of flesh {@w0}.
Done exploring.
Done exploring.
Done exploring.
(D) Dungeon
Where to? (? - help)
There is a stone staircase leading down here.
You climb downwards.
A gnoll comes into view. It is wielding a +0 whip.
There is a stone staircase leading up here.
A gnoll is nearby!
A gnoll comes into view. It is wielding a +0 spear.
A gnoll comes into view. It is wielding a +0 whip.
The gnoll shouts! x2
The gnoll shouts!
You hear a shout! x2
A bat comes into view.
You hit the gnoll.
A hobgoblin comes into view. It is wielding a +0 club.
The gnoll hits you with a +0 whip.
You take 4 damage, and have 29/33 hp.
The bat barely misses you. The bat hits you but does no damage.
The bat barely misses you. The bat barely misses you.
The bat closely misses you. The bat misses you. The bat hits you.
You take 1 damage, and have 28/33 hp.
You hit the bat. The bat barely misses you.
A goblin comes into view. It is wielding a -3 club.
You hit the bat.
You kill the bat!
Your Dodging skill increases to level 2!
You hit the gnoll. You tail-slap the gnoll. The gnoll hits you with a +0 whip.
You take 1 damage, and have 27/33 hp.
You hit the gnoll. The gnoll hits you but does no damage.
The gnoll barely misses you.
You closely miss the gnoll. The gnoll barely misses you.
The gnoll hits you with a +0 whip!
You take 8 damage, and have 19/33 hp.
MASSIVE DAMAGE!!
You closely miss the gnoll. The gnoll hits you but does no damage.
The gnoll closely misses you.
You hit the gnoll.
You kill the gnoll!
The gnoll hits you from afar with a +0 spear!
You take 9 damage, and have 10/33 hp.
MASSIVE DAMAGE!!
It was a potion of flight.
You feel very buoyant.
You fly up into the air.
The gnoll hits you from afar with a +0 spear.
* * * LOW HITPOINT WARNING * * *
You take 4 damage, and have 6/33 hp.
It was a potion of curing.
You feel better.
The gnoll hits you from afar with a +0 spear.
You regained 5 hp, and now have 12/33 hp.
Found a stone staircase leading up.
It was a potion of mutation.
You feel extremely strange.
You feel a little pissed off.
You feel weaker.
You feel less in control of your magic.
A poisonous barb forms on the end of your tail.
The gnoll hits you from afar with a +0 spear!
* * * LOW HITPOINT WARNING * * *
You take 9 damage, and have 3/33 hp.
MASSIVE DAMAGE!!
There is a stone staircase leading up here.
The gnoll hits you from afar with a +0 spear.
You die...

## ##.#
#############@#.#
#.....g.g.gg...#
#.###########...#
#.# ##.## #.# .#
#g# .# #g# .#
####g##### .#
...<.....#


You could see 2 gnolls, a hobgoblin and a goblin.

Vanquished Creatures
  A gnoll (D:2)
  A dart slug (D:1)
  2 leopard geckos (D:1)
  6 bats
  2 giant cockroaches (D:1)
  2 goblins (D:1)
  7 hobgoblins (D:1)
  3 jackals (D:1)
  3 kobolds (D:1)
  2 rats (D:1)
29 creatures vanquished.

Notes
Turn   | Place    | Note
-------+----------+-------------------------------------------
     0 | D:1      | Charmandara the Draconian Wanderer began the quest for the
                  | Orb.
     0 | D:1      | Charmandara set off with the following items: a +2 dagger,
                  | a potion of haste, a ration; and the following spell
                  | memorised: Freeze; and the following spells available to
                  | memorise: Ozocubu's Armour
     0 | D:1      | Reached XP level 1. HP: 19/19 MP: 1/1
   219 | D:1      | Reached skill level 4 in Fighting
   219 | D:1      | Reached XP level 2. HP: 10/27 MP: 2/2
   560 | D:1      | Reached skill level 1 in Dodging
   584 | D:1      | HP: 6/27 [leopard gecko (1)]
   957 | D:1      | Reached XP level 3. HP: 31/33 MP: 3/3
  1343 | D:2      | Reached skill level 2 in Dodging
  1352 | D:2      | HP: 6/33 [gnoll/+0 spear (4)]
  1360 | D:2      | Gained mutation: You tend to lose your temper in combat.
                  | [potion of mutation]
  1360 | D:2      | Gained mutation: You are weak. (Str -2) [potion of
                  | mutation]
  1360 | D:2      | Gained mutation: Your spells are a little harder to cast,
                  | but a little more powerful. [potion of mutation]
  1360 | D:2      | Gained mutation: Your tail ends in a poisonous barb.
                  | [potion of mutation]
  1360 | D:2      | HP: 3/33 [gnoll/+0 spear (9)]
  1367 | D:2      | Slain by a gnoll

Levels and vault maps discovered:
D:1:      minmay_arrival_three_doors, layout_loops_ring, minmay_cupped
D:2:      layout_loops_ring, grunt_decor_cap, uniq_sigmund

Skill      XL: |  1  2  3 |
---------------+----------+-----
Fighting       | 4 |  4.0
Dodging        | 1 2 |  2.2
Crossbows      | |  1.7
Stealth        | |  1.0
Shields        | |  1.0
Hexes          | |  1.7
Charms         | |  1.0

Action                   || total
-------------------------++-------
Melee: Dagger            ||   117
       Tailslap          ||     3
 Cast: Freeze            ||     1
  Use: Potion            ||     3
  Eat: Chunk             ||     2
Armor: Skin              ||    38
Dodge: Dodged            ||   104

Table legend:
 A = Non-vault XP
 B = Vault XP
 C = Vault XP percentage of total XP
 D = Non-vault monster count
 E = Vault monster count
 F = Vault count percentage of total count
                 A         B        C        D         E       F
            +---------+---------+-------+---------+---------+-------
      Total |      59 |       9 |  13.2 |      24 |       5 |  17.2
            +---------+---------+-------+---------+---------+-------
        D:1 |      44 |       9 |  17.0 |      22 |       5 |  18.5
        D:2 |      15 |       0 |   0.0 |       2 |       0 |   0.0
            +---------+---------+-------+---------+---------+-------

Levels and vault maps discovered:
D:1:      minmay_arrival_three_doors, layout_loops_ring, minmay_cupped
D:2:      layout_loops_ring, grunt_decor_cap, uniq_sigmund

Table legend:
 A = Turns spent in this place as a percentage of turns spent in the entire game.
 B = Non-inter-level travel turns spent in this place as a percentage of non-inter-level travel turns spent in the entire game.
 C = Inter-level travel turns spent in this place as a percentage of turns spent in this place.
 D = Turns resting spent in this place as a percentage of non-inter-level travel turns spent in this place.
 E = Turns spent auto-exploring this place as a percentage of non-inter-level travel turns spent in this place.
 F = Non-inter-level travel turns spent in this place divided by the number of levels of this place that you've seen.
                   A       B       C       D       E      F
               +-------+-------+-------+-------+-------+----------------------
         Total | 100.0 | 100.0 |   0.6 |  40.9 |  35.0 | 679.5
       Dungeon | 100.0 | 100.0 |   0.6 |  40.9 |  35.0 | 679.5
               +-------+-------+-------+-------+-------+----------------------

Table legend:
 A = Kills in this place as a percentage of kills in entire the game.
 B = Kills by you in this place as a percentage of kills by you in the entire game.
 C = Kills by friends in this place as a percentage of kills by friends in the entire game.
 D = Other kills in this place as a percentage of other kills in the entire game.
 E = Experience gained in this place as a percentage of experience gained in the entire game.
 F = Experience gained in this place divided by the number of levels of this place that you have seen.
                   A       B       C       D       E      F
               +-------+-------+-------+-------+-------+----------------------
         Total | 100.0 | 100.0 |   N/A |   N/A | 100.0 |  34.0
       Dungeon | 100.0 | 100.0 |   N/A |   N/A | 100.0 |  34.0
               +-------+-------+-------+-------+-------+----------------------
